 Dungeon Crawl Stone Soup version 0.30.1-11-g7821555f0a (webtiles) character file.

Game seed: 11589583332058486337

1 Sadgeman the Stinger (level 1, 0/15 HPs)
             Began as a Naga Venom Mage on Nov 27, 2023.
             Slain by a ball python (2 damage)
             ... on level 1 of the Dungeon.
             The game lasted 00:02:13 (169 turns).

Sadgeman the Stinger (Naga Venom Mage)               Turns: 169, Time: 00:02:14

Health: 0/15       AC:  1    Str: 10    XL:     1   Next: 20%
Magic:  3/3        EV:  9    Int: 15    God:
Gold:   22         SH:  0    Dex: 11    Spells: 3/4 levels left

rFire   . . .        (no weapon)
rCold   . . .        (no shield)
rNeg    . . .        a - +0 robe
rPois   +            (no helmet)
rElec   .            (no cloak)
rCorr   .            (no gloves)
SInv    +            (no barding)
Will    .....        (no amulet)
Stlth   ++           (no ring)
HPRegen 0.22/turn    (no ring)
MPRegen 0.08/turn

%: no passive effects
@: very slow
A: AC +0, large, see invisible, deformed body, poison resistance, slowness 2,
spit poison 1, naga tail 1
a: Spit Poison


You were on level 1 of the Dungeon.
You visited 1 branch of the dungeon, and saw 1 of its levels.

You collected 22 gold pieces.

Inventory:

Armour
 a - a +0 robe (worn)
Potions
 b - a potion of magic


   Skills:
 + Level 1.5 Dodging
 + Level 3.0 Stealth
 + Level 2.0 Spellcasting
 + Level 1.0 Transmutations
 + Level 4.1 Poison Magic


You had 3 spell levels left.
You knew the following spells:

 Your Spells              Type           Power      Damage    Failure   Level
a - Sting                 Tmut/Pois      36%        1d4       8%          1

Your spell library contained the following spells:

 Spells                   Type           Power      Damage    Failure   Level
 Poisonous Vapours        Pois/Air       14%        N/A       14%         2
 Mephitic Cloud           Conj/Pois/Air  5%         N/A       36%         3
 Olgreb's Toxic Radiance  Pois           13%        N/A       38%         4


Dungeon Overview and Level Annotations

Branches:
Dungeon (1/15)

Altars:


Innate Abilities, Weirdness & Mutations

Your serpentine skin is tough. (AC +0)
You have supernaturally acute eyesight. (SInv)
Armour fits poorly on your strangely shaped body.
Your system is resistant to poisons. (rPois)
You cover ground very slowly.
You can spit poison.
You have a snake-like lower body.


Message History

The hobgoblin shouts!
The rat closely misses you.
You closely miss the rat.
The hobgoblin shouts!
The rat bites you. The rat attacks as you move away! The rat barely misses you.
The rat bites you.
You hit the rat.
The rat is severely wounded.
The rat bites you. The ball python bites you.
You barely miss the rat.
The rat is severely wounded.
The ball python bites you. The rat bites you.
* * * LOW HITPOINT WARNING * * *
The ball python barely misses you.
The ball python attacks as you move away!
The ball python bites you but does no damage.
The rat twitches its whiskers.
The ball python barely misses you. The ball python barely misses you.
The ball python barely misses you. The ball python bites you.
* * * LOW HITPOINT WARNING * * *
The ball python bites you.
* * * LOW HITPOINT WARNING * * *
The ball python barely misses you. The ball python barely misses you.
The ball python bites you but does no damage.
The ball python bites you.
* * * LOW HITPOINT WARNING * * *
The ball python bites you.
* * * LOW HITPOINT WARNING * * *
The ball python attacks as you move away!
The ball python misses you. The ball python closely misses you.
The ball python attacks as you move away!
The ball python completely misses you. The ball python bites you.
* * * LOW HITPOINT WARNING * * *
The ball python barely misses you. The ball python bites you.
You die...

#<..≈≈ ####.~ #≈.≈.~ #.≈~.~
#....~ #≈..~. ###~.~.~
###############.#'####
############.rgS@................
............g###########.........
############## ########.........
..>.. #........#....... .....
..#########...#.. ..... #######
..... ..... .....


You could see 2 hobgoblins, a ball python and a rat.

Vanquished Creatures
  An endoplasm (D:1)
1 creature vanquished.

Notes
Turn   | Place    | Note
-------+----------+-------------------------------------------
     0 | D:1      | Sadgeman the Naga Venom Mage began the quest for the Orb.
     0 | D:1      | Reached XP level 1. HP: 15/15 MP: 3/3
   169 | D:1      | Slain by a ball python

Illustrated notes

Levels and vault maps discovered:
D:1:      lightli_arrival_flooded_house, layout_rooms

Action                     || total
---------------------------++-------
  Melee: Unarmed           ||    45
 Armour: Robe              ||     2
  Dodge: Dodged            ||    13
